 Dungeon Crawl Stone Soup version 0.28-a0-1567-g1695149f81 (webtiles) character file.

Game seed: 3326762926171294170

454 cyrus the Covered (level 6, -4/56 HPs)
             Began as a Minotaur Fighter on Jan 19, 2022.
             Slain by Edmund (6 damage)
             ... on level 4 of the Dungeon.
             The game lasted 00:16:50 (2644 turns).

cyrus the Covered (Minotaur Fighter)                Turns: 2644, Time: 00:16:51

Health: -4/56      AC:  7    Str: 21    XL:     6   Next: 76%
Magic:  5/5        EV: 10    Int:  7    God:
Gold:   160        SH:  0    Dex:  9    Spells: 5/5 levels left

rFire   . . .      SeeInvis .   p - +0 halberd
rCold   . . .      Faith    .   (shield currently unavailable)
rNeg    . . .      Spirit   .   b - +0 scale mail
rPois   .          Reflect  .   (helmet restricted)
rElec   .          Harm     .   (no cloak)
rCorr   .          Rampage  .   (no gloves)
Will    .....                   (no boots)
Stlth   ..........              l - amulet of regeneration
HPRegen 0.98/turn               (no ring)
MPRegen 0.09/turn               (no ring)

@: lethally poisoned (-4 -> -5)
A: horns 2, retaliatory headbutt
a: no special abilities


You were on level 4 of the Dungeon.
You visited 1 branch of the dungeon, and saw 4 of its levels.

You collected 160 gold pieces.

Inventory:

Hand Weapons
 a - a +0 war axe
 n - a +0 falchion
 p - a +0 halberd (weapon)
 q - a +0 spear
Armour
 b - a +0 scale mail (worn)
 c - a +0 buckler
Jewellery
 f - an amulet of guardian spirit
 l - an amulet of regeneration (around neck)
Scrolls
 g - 3 scrolls of teleportation {unknown}
 h - a scroll of magic mapping {unknown}
 j - a scroll of identify {unknown}
 k - 2 scrolls of fog {unknown}
Potions
 d - 4 potions of might
 e - 2 potions of curing {unknown}
 i - a potion of attraction {unknown}
 m - a potion of heal wounds {unknown}
 o - 2 potions of cancellation {unknown}


   Skills:
 + Level 5.0 Fighting
 + Level 1.5 Long Blades
 + Level 5.3 Axes
 + Level 5.6 Armour
 + Level 1.3 Dodging
 + Level 4.8 Shields


You had 5 spell levels left.
You didn't know any spells.
Your spell library was empty.

Dungeon Overview and Level Annotations

Branches:
Dungeon (4/15)
 Temple: D:4-7

Altars:
Xom

Shops:
D:2 [

Annotations:
D:4 Edmund


Innate Abilities, Weirdness & Mutations

You have a pair of horns on your head.
You reflexively headbutt those who attack you in melee.


Message History

The hobgoblin completely misses you. Edmund closely misses you.
You closely miss the adder.
The adder is heavily wounded.
You feel sick. The adder barely misses you.
The hobgoblin hits you but does no damage.
Edmund hits you with a +4 dire flail of protection!
The adder barely misses you. The hobgoblin closely misses you.
You barely miss the adder.
The adder is heavily wounded.
You feel sick. The adder misses you. Edmund closely misses you.
The hobgoblin hits you but does no damage.
The adder bites you.
You are more poisoned.
The adder poisons you! Edmund barely misses you.
You barely miss the adder. You headbutt the adder.
The adder is almost dead.
You feel sick. The adder closely misses you. The hobgoblin barely misses you.
Edmund hits you with a +4 dire flail of protection!
* * * LOW HITPOINT WARNING * * *
The adder bites you.
* * * LOW HITPOINT WARNING * * *
You are more poisoned.
The adder poisons you!
You slash Edmund!
Edmund is severely wounded.
* * * LOW HITPOINT WARNING * * *
You feel very sick. The hobgoblin barely misses you.
The adder bites you but does no damage. Edmund barely misses you.
The hobgoblin hits you but does no damage.
You barely miss the adder. You headbutt the adder.
You kill the adder!
You feel sick. Edmund misses you. You furiously retaliate!
You headbutt Edmund, but do no damage. The hobgoblin closely misses you.
Edmund misses you.
* * * LOW HITPOINT WARNING * * *
You feel sick.
The hobgoblin hits you but does no damage.
Edmund hits you with a +4 dire flail of protection.
You die...

.......#####....##
..........
......>...............
..####..#>
.......#####....#....
#....
.......#####....#....
##...
......†#...........##
####
........†...........##
#
######.).............#
#..........$....#
#.........@@g...#
#...............#
#...............#
#...............#
##..<..........##
##.....#..(..##
#############


You could see Edmund and a hobgoblin.

Vanquished Creatures
  A black bear (D:4)
  A necrophage (D:4)
  A scorpion (D:4)
  An orc priest (D:4)
  A jelly (D:4)
  3 gnolls (D:4)
  3 adders
  An adder skeleton (D:4)
  A worm (D:2)
  A dart slug (D:3)
  7 orcs
  8 ball pythons
  9 endoplasms
  A giant cockroach (D:4)
  6 goblins
  4 hobgoblins
  3 jackals (D:1)
  8 kobolds
  3 quokkas (D:2)
  5 bats
  3 frilled lizards
  2 rats
73 creatures vanquished.

Vanquished Creatures (collateral kills)
  An orc wizard (D:4)
1 creature vanquished.

Grand Total: 74 creatures vanquished

Notes
Turn   | Place    | Note
-------+----------+-------------------------------------------
     0 | D:1      | cyrus the Minotaur Fighter began the quest for the Orb.
     0 | D:1      | Reached XP level 1. HP: 19/19 MP: 0/0
   235 | D:1      | Reached XP level 2. HP: 27/27 MP: 1/1
   560 | D:2      | Reached XP level 3. HP: 32/33 MP: 2/2
   872 | D:2      | Found Vyxa's Antique Armour Emporium.
  1585 | D:3      | Reached XP level 4. HP: 40/40 MP: 3/3
  1710 | D:3      | Found a faded altar of an unknown god.
  1809 | D:3      | Found a shimmering altar of Xom.
  2234 | D:4      | Noticed a black bear
  2247 | D:4      | Killed a black bear
  2248 | D:4      | Reached skill level 1 in Dodging
  2248 | D:4      | Reached XP level 5. HP: 24/47 MP: 4/4
  2394 | D:4      | Noticed a necrophage
  2404 | D:4      | Killed a necrophage
  2405 | D:4      | Reached skill level 5 in Axes
  2405 | D:4      | Reached skill level 5 in Armour
  2405 | D:4      | Reached XP level 6. HP: 53/55 MP: 5/5
  2545 | D:4      | Reached skill level 5 in Fighting
  2566 | D:4      | Reached skill level 1 in Long Blades
  2627 | D:4      | Noticed Edmund
  2644 | D:4      | HP: 2/56 [poisoned by an adder]
  2644 | D:4      | Slain by Edmund

Illustrated notes

Levels and vault maps discovered:
D:1:      psy_arrival_statuary, layout_rooms
D:2:      layout_basic, serial_shops, shop
D:3:      layout_basic, xom_confusion_cloud,
          hellmonk_ecumenical_altar_prayer_group
D:4:      layout_rooms, uniq_edmund

Skill      XL: |  1  2  3  4  5  6 |
---------------+-------------------+-----
Shields        | 4 |  4.8
Armour         | 4 5 |  5.6
Fighting       | 4 5 |  5.0
Axes           | 3 4 5 |  5.3
Dodging        | 1 |  1.3
Long Blades    | 1 |  1.5

Action                   |  1- 3 |  4- 6 || total
-------------------------+-------+-------++-------
Melee: War axe           |    69 |    45 ||   114
       Headbutt          |     9 |    16 ||    25
       Falchion          |       |    37 ||    37
       Halberd           |       |    11 ||    11
  Use: Scroll            |       |     1 ||     1
Armor: Scale mail        |    33 |    56 ||    89
Dodge: Dodged            |    43 |    65 ||   108
Block: Buckler           |    18 |    30 ||    48

Table legend: (Time is in decaauts)
 A = Elapsed time spent in this place.
 B = Non-inter-level travel time spent in this place.
 C = Inter-level travel time spent in this place.
 D = Time resting spent in this place.
 E = Time spent auto-exploring this place.
 F = Levels seen in this place.
 G = Mean time per level.
                   A        B        C        D        E       F      G
               +--------+--------+--------+--------+--------+-----+--------+
         Total |   2700 |   2700 |      0 |     72 |   1741 |   4 |  675.0 |
       Dungeon |   2700 |   2700 |      0 |     72 |   1741 |   4 |  675.0 |
               +--------+--------+--------+--------+--------+-----+--------+

Top non-repeatable levels by time:
     D:2: 907 daAuts
     D:3: 831 daAuts
     D:4: 493 daAuts
     D:1: 468 daAuts
